 Dungeon Crawl Stone Soup version 0.31-a0-45-g5f0c076935 (webtiles) character file.

Game seed: 5090105360806296374

3970 bande the Cleaver (level 10, -1/63 HPs)
             Began as a Gargoyle Fighter on May 21, 2023.
             Slain by a yak (6 damage)
             ... on level 7 of the Dungeon.
             The game lasted 00:11:46 (8258 turns).

bande the Cleaver (Gargoyle Fighter)                Turns: 8258, Time: 00:11:46

Health: -1/63      AC: 24    Str: 20    XL:     10   Next: 22%
Magic:  10/10      EV:  6    Int:  9    God:
Gold:   214        SH:  6    Dex: 13    Spells: 9/9 levels left

rFire   . . .        a - +0 war axe
rCold   . . .        c - +0 buckler
rNeg    + . .        n - +0 plate armour
rPois   ∞            p - +1 hat
rElec   +            q - +0 cloak
rCorr   .            h - +0 pair of gloves
SInv    .            (no boots)
Will    +....        (no amulet) Stlth
                     s - ring of willpower
HPRegen 0.30/turn    (no ring)
MPRegen 0.12/turn

%: no passive effects
@: studying Shields
A: sickness immunity, AC +7, negative energy resistance 1, electricity
resistance, torment resistance 1, petrification resistance
a: no special abilities


You were on level 7 of the Dungeon.
You visited 2 branches of the dungeon, and saw 8 of its levels.

You collected 214 gold pieces.

Inventory:

Hand Weapons
 a - a +0 war axe (weapon)
 w - a +0 war axe
 y - a +0 heavy flail
Armour
 c - a +0 buckler (worn)
 h - a +0 pair of gloves (worn)
 n - a +0 plate armour (worn)
 p - a +1 hat (worn)
 q - a +0 cloak (worn)
Jewellery
 s - a ring of willpower (left hand)
Wands
 r - a wand of quicksilver (6)
Scrolls
 d - 4 scrolls of teleportation
 g - 3 scrolls of blinking
 i - a scroll of magic mapping
 m - 4 scrolls of fog
 t - 2 scrolls of identify
Potions
 b - 3 potions of ambrosia
 e - a potion of brilliance
 f - 2 potions of curing
 j - 2 potions of magic
 k - 2 potions of resistance
 l - a potion of invisibility
 o - a potion of might


   Skills:
 + Level 7.3 Fighting
 + Level 9.5 Axes
 + Level 8.1 Armour
 - Level 0.3 Stealth
 + Level 7.8 Shields


You had 9 spell levels left.
You didn't know any spells.
Your spell library contained the following spells:

 Spells                   Type           Power      Damage    Failure   Level
 Freeze                   Ice            0%         1d3       100%        1
 Shock                    Conj/Air       0%         1d3       100%        1
 Ensorcelled Hibernation  Hex/Ice        0%         N/A       100%        2
 Passwall                 Tmut/Erth      0%         N/A       100%        2
 Frozen Ramparts          Ice            0%         1d1       100%        3
 Swiftness                Air            0%         N/A       100%        3
 Airstrike                Air            0%         2d(0-16)  100%        4
 Petrify                  Tmut/Erth      0%         N/A       100%        4
 Freezing Cloud           Conj/Ice/Air   0%         6-21      100%        5
 Irradiate                Conj/Tmut      0%         3d11      100%        5
 Polar Vortex             Ice            0%         N/A       100%        9
 Sublimation of Blood     Necr           Unusable   N/A       N/A         2

Dungeon Overview and Level Annotations

Branches:
Dungeon (7/15)             Temple (1/1) D:4

Altars:
Ashenzari
Cheibriados
Dithmenos
Elyvilon
Fedhas
Gozag
Kikubaaqudgha
Makhleb
Nemelex Xobeh
Qazlal
Sif Muna
Uskayaw
Wu Jian
Xom
Yredelemnul
Zin
The Shining One
Ignis


Innate Abilities, Weirdness & Mutations

You are immune to sickness and miasma.
Your stone body is resilient. (AC +7)
You are immune to poison.
You resist negative energy. (rN+)
You are resistant to electric shocks. (rElec)
You are resistant to unholy torment.
You are immune to petrification.


Message History

The yak is moderately wounded.
You hit the yak but do no damage. x2; The yak gores you but does no damage.
You block the yak's attack. The yak gores you!
* * * LOW HITPOINT WARNING * * *
You barely miss the yak.
The yak is moderately wounded.
You hit the yak. You slash the yak!
You kill the yak!
The yak completely misses you. x2
You hit the yak but do no damage.
The yak is moderately wounded.
You hit the yak. The yak barely misses you. You block the yak's attack.
You slash the yak!
The yak is heavily wounded.
You hit the yak but do no damage. The yak closely misses you.
The yak gores you but does no damage.
You hit the yak but do no damage.
The yak is heavily wounded.
You barely miss the yak. You block the yak's attack. x2
You completely miss the yak.
The yak is heavily wounded.
You hit the yak. You block the yak's attack.
The yak gores you but does no damage.
You hit the yak but do no damage.
The yak is heavily wounded.
You hit the yak but do no damage. The yak barely misses you. The yak gores you.
* * * LOW HITPOINT WARNING * * *
You slash the yak!
The yak is severely wounded.
You hit the yak but do no damage. The yak gores you!
* * * LOW HITPOINT WARNING * * *
You block the yak's attack.
You hit the yak but do no damage.
The yak is severely wounded.
You slash the yak! You block the yak's attack.
The yak gores you but does no damage.
You slash the yak!
You kill the yak!
You barely miss the yak. The yak gores you.
You die...

##...##....#....#
#.<........'....#
#..........##...# ##
#..........######
#.####...##.........+
###...#######.........#
. .....#....#..........#
....)..+....#..........#
....#!.#.@Y.'<.........#
.[.$...##†######..##+###
#.....[# #### #......#
#......# #......#
######... #.... +.....


You could see a yak.

Vanquished Creatures
  Pikel (D:6)
  Maggie (D:6)
  Grinder (D:3)
  Sigmund (D:2)
  5 yaks (D:7)
  Eustachio (D:6)
  A water moccasin (D:5)
  An orc warrior (D:5)
  2 ice beasts
  2 ogres
  2 black bears
  4 lemures (D:6)
  A centaur (D:6)
  A phantom (D:5)
  A gnoll sergeant (D:4)
  2 scorpions
  4 killer bees (D:5)
  A howler monkey (D:6)
  2 orc priests
  A hound (D:4)
  3 jellies
  A gnoll bouda (D:4)
  An iron imp (D:4)
  Jessica (D:3)
  Natasha (thrice) (D:2)
  Ijyb (D:3)
  A sleepcap (D:6)
  4 orc wizards
  18 adders
  9 gnolls (D:4)
  3 worms
  4 dart slugs
  18 orcs
  5 endoplasms
  3 giant cockroaches
  9 goblins
  4 hobgoblins
  14 jackals
  7 kobolds
  4 quokkas
  6 ball pythons
  7 bats
  6 frilled lizards
  2 rats
169 creatures vanquished.

Notes
Turn   | Place    | Note
-------+----------+-------------------------------------------
     0 | D:1      | bande the Gargoyle Fighter began the quest for the Orb.
     0 | D:1      | Reached XP level 1. HP: 14/14 MP: 1/1
   223 | D:1      | Found a faded altar of an unknown god.
   400 | D:1      | Reached skill level 2 in Axes
   400 | D:1      | Reached XP level 2. HP: 17/19 MP: 2/2
   450 | D:1      | Got the Incunabulum of the Tundra
   661 | D:2      | Noticed Sigmund
   673 | D:2      | Killed Sigmund
   674 | D:2      | Reached skill level 3 in Axes
   674 | D:2      | Reached XP level 3. HP: 12/24 MP: 3/3
   674 | D:2      | Reached XP level 4. HP: 14/29 MP: 4/4
   674 | D:2      | Reached XP level 5. HP: 16/33 MP: 5/5
   789 | D:2      | Noticed Natasha
   795 | D:2      | Killed Natasha
   796 | D:2      | Reached XP level 6. HP: 25/38 MP: 6/6
  1141 | D:2      | Reached skill level 5 in Armour
  1671 | D:2      | Noticed Natasha
  1676 | D:2      | Killed Natasha
  2452 | D:2      | Noticed Natasha
  2460 | D:2      | Killed Natasha
  2672 | D:3      | Reached skill level 4 in Axes
  2757 | D:3      | Noticed Jessica
  2769 | D:3      | Killed Jessica
  2770 | D:3      | Reached XP level 7. HP: 35/44 MP: 7/7
  2932 | D:3      | Found an opulent altar of Gozag.
  2998 | D:3      | Noticed Ijyb
  3021 | D:3      | Killed Ijyb
  3239 | D:3      | Noticed Grinder
  3244 | D:3      | Paralysed by Grinder for 3 turns
  3279 | D:3      | Killed Grinder
  3280 | D:3      | Reached skill level 5 in Fighting
  3659 | D:4      | Reached skill level 5 in Axes
  3664 | D:4      | Reached XP level 8. HP: 28/49 MP: 8/8
  4337 | D:4      | Reached skill level 6 in Axes
  4493 | D:4      | Reached skill level 5 in Shields
  4863 | D:4      | Found a snail-covered altar of Cheibriados.
  5164 | D:4      | Found a staircase to the Ecumenical Temple.
  5175 | Temple   | Entered the Ecumenical Temple
  5289 | D:5      | Entered Level 5 of the Dungeon
  5346 | D:5      | Reached skill level 7 in Axes
  5813 | D:5      | Reached XP level 9. HP: 55/55 MP: 9/9
  6197 | D:5      | Found a glowing golden altar of the Shining One.
  6362 | D:5      | Found a shimmering blue altar of Sif Muna.
  7261 | D:6      | Reached skill level 8 in Axes
  7311 | D:6      | Noticed Eustachio
  7343 | D:6      | Killed Eustachio
  7466 | D:6      | Noticed Maggie
  7493 | D:6      | Killed Maggie
  7631 | D:6      | Found a sparkling altar of Nemelex Xobeh.
  7882 | D:6      | Noticed Pikel
  7898 | D:6      | Killed Pikel
  7899 | D:6      | Reached skill level 9 in Axes
  7899 | D:6      | Reached XP level 10. HP: 33/63 MP: 10/10
  8258 | D:7      | Slain by a yak

Illustrated notes

Levels and vault maps discovered:
D:1:      ncdulo_lavacross, layout_basic, shapermc_ecumenical_altar_ellora
D:2:      minmay_razor_zed, layout_basic, serial_co_window_serial,
          co_window_paths_a, co_window_cross_1, co_window_paths_a,
          co_window_cross_1, co_window_of_opportunity_a, co_window_paths_b,
          co_window_of_opportunity_b, co_window_broadway_c,
          co_window_unsneaky_path_d, co_window_of_opportunity_b,
          co_window_broadway_a, co_window_2corner, co_window_corner_b,
          glass_columns_a, glass_columns_a, minmay_misc_feat_square,
          uniq_sigmund, uniq_natasha
D:3:      layout_basic, grunt_gozag_breadcrumbs, uniq_ijyb, uniq_jessica,
          uniq_grinder
D:4:      layout_loops_ring, slow_altar_1, temple_hall, minmay_between
D:5:      layout_rooms, mainiacjoe_overflow_surrounded_room, led_sif_book,
          chequers_big_river
D:6:      layout_basic, nemelex_xobeh_ov_fountains_minmay, uniq_eustachio,
          uniq_maggie, uniq_pikel
D:7:      layout_gridville, kennysheep_mini_moat
Temple:   pdpol_scorched_temple

Skill      XL: |  1  2  3  4  5  6  7  8  9 10 |
---------------+-------------------------------+-----
Axes           | 2 3 4 5 7 9 |  9.5
Fighting       | 4 5 6 7 |  7.3
Armour         | 4 5 6 7 8 |  8.1
Shields        | 4 5 7 |  7.8
Stealth        | |  0.3

Action                     |  1- 3 |  4- 6 |  7- 9 | 10-12 || total
---------------------------+-------+-------+-------+-------++-------
  Melee: War axe           |    49 |   165 |   507 |    26 ||   747
    Use: Scroll            |     5 |     6 |     4 |       ||    15
         Potion            |     1 |       |     6 |       ||     7
 Armour: Scale mail        |    29 |    76 |       |       ||   105
         Plate armour      |       |    58 |   479 |    23 ||   560
  Dodge: Dodged            |    28 |    75 |   167 |    11 ||   281
  Block: Buckler           |     8 |    32 |   164 |    16 ||   220

Table legend: (Time is in decaauts)
 A = Elapsed time spent in this place.
 B = Non-inter-level travel time spent in this place.
 C = Inter-level travel time spent in this place.
 D = Time resting spent in this place.
 E = Time spent auto-exploring this place.
 F = Levels seen in this place.
 G = Mean time per level.
                   A        B        C        D        E       F      G
               +--------+--------+--------+--------+--------+-----+--------+
         Total |   8443 |   7933 |    510 |   2139 |   4095 |   8 | 1055.4 |
       Dungeon |   8389 |   7893 |    496 |   2139 |   4061 |   7 | 1198.4 |
        Temple |     54 |     40 |     14 |      0 |     34 |   1 |   54.0 |
               +--------+--------+--------+--------+--------+-----+--------+

Top non-repeatable levels by time:
     D:2: 1992 daAuts
     D:5: 1641 daAuts
     D:4: 1463 daAuts
     D:6: 1287 daAuts
     D:3: 1249 daAuts
     D:1: 678 daAuts
     D:7: 75 daAuts
  Temple: 54 daAuts
